 Dungeon Crawl Stone Soup version 0.21.1-1-g345015fe64 (webtiles) character file.

1675 Loge the Grappler (level 8, -2/83 HPs)
             Began as a Troll Monk on July 17, 2018.
             Slain by a red ugly thing (17 damage)
             ... on level 6 of the Dungeon.
             The game lasted 00:10:48 (4043 turns).

Loge the Grappler (Troll Monk)                      Turns: 4043, Time: 00:10:49

Health: -2/83      AC:  9    Str: 20    XL:     8   Next: 70%
Magic:  7/7        EV: 10    Int:  6    God:
Gold:   373        SH:  0    Dex: 14    Spells: 7/7 levels left

rFire    . . .     SeeInvis .     - Unarmed
rCold    . . .     Gourm    +   (no shield)
rNeg     + . .     Faith    .   p - +2 robe {rN+}
rPois    .         Spirit   .   (helmet restricted)
rElec    .         Reflect  .   i - +1 cloak
rCorr    .         Harm     .   (gloves unavailable)
MR       .....                  (boots unavailable)
Stlth    ++........             (no amulet)
HPRegen  0.63/turn              (no ring)
MPRegen  0.10/turn              (no ring)

@: no status effects
A: large, unfitting armour, claws 3, fast metabolism 3, gourmand, regeneration
1, shaggy fur 1, tough skin 2
a: no special abilities


You were on level 6 of the Dungeon.
You were completely stuffed.

You visited 1 branch of the dungeon, and saw 6 of its levels.
You also visited: Sewer.

You collected 373 gold pieces.

Inventory:

Missiles
 e - 13 poisoned needles
 k - 124 stones (quivered)
 E - a throwing net
Armour
 f - a scarf of spirit shield
 i - a +1 cloak (worn)
 p - a +2 robe of positive energy (worn)
Jewellery
 o - an uncursed ring of wizardry {unknown}
Wands
 r - a wand of random effects (37)
Scrolls
 a - 3 scrolls of immolation {unknown}
 c - 7 scrolls of identify {unknown}
 g - 2 scrolls of fear {unknown}
 h - a scroll of magic mapping
 j - 2 scrolls of enchant armour {unknown}
 l - 6 scrolls of teleportation {unknown}
 m - 3 scrolls of remove curse {unknown}
 u - a scroll of blinking {unknown}
 w - a scroll of fog {unknown}
 y - a scroll of enchant weapon {unknown}
 D - a scroll of noise {unknown}
Potions
 d - 6 potions of curing {unknown}
 n - a potion of invisibility {unknown}
 q - 4 potions of heal wounds {unknown}
 s - a potion of cancellation {unknown}
 t - a potion of berserk rage {unknown}
 x - a potion of mutation {unknown}
 z - 2 potions of agility {unknown}
 A - a potion of might
 B - 2 potions of flight {unknown}
 C - a potion of haste {unknown}
Comestibles
 b - 6 rations
 v - 3 chunks of flesh


   Skills:
 + Level 5.8 Fighting
 - Level 2.4 Dodging
 - Level 1.0 Stealth
 * Level 9.6 Unarmed Combat


You had 7 spell levels left.
You didn't know any spells.

Dungeon Overview and Level Annotations

Branches:
Dungeon (6/15)
 Temple: D:4-7

Altars:
Dithmenos
Okawaru
Ru
Sif Muna
Trog
Uskayaw
Wu Jian
Yredelemnul


Innate Abilities, Weirdness & Mutations

You are too large for most types of armour.
You have claws for hands.
Your metabolism is lightning-fast.
You like to eat raw meat.
Your natural rate of healing is unusually fast.
You are covered in fur. (AC +1)
You have very tough skin. (AC +2)


Message History

You closely miss the red ugly thing. Your claw misses the red ugly thing.
The red ugly thing is moderately wounded.
The red ugly thing barely misses you.
You scratch the red ugly thing.
The red ugly thing is moderately wounded.
The red ugly thing closely misses you.
You scratch the red ugly thing.
The red ugly thing is moderately wounded.
You claw the red ugly thing! You claw the red ugly thing.
The red ugly thing is heavily wounded.
The red ugly thing barely misses you.
You scratch the red ugly thing but do no damage.
The red ugly thing is heavily wounded.
The red ugly thing stings you!
You are engulfed in flames!!
You barely miss the red ugly thing.
The red ugly thing is heavily wounded.
The red ugly thing stings you!
* * * LOW HITPOINT WARNING * * *
You are engulfed in flames!
You die...

.##### ...... .. .#####
.#####.## .# #........#
.# #....[...# ##
#..)....# #.......#
##......%#########
####.........@u......
####...........#)#.#.#.#
...#.###.......#.....
##.#...........#######
.#.#.###>......# .#.#.#
######### .#.#.# .....#
.#.#.#


You could see a red ugly thing.

Vanquished Creatures
  Grinder (D:3)
  The ghost of Niraks the Cudgeler, an amateur HOFi (D:4)
  Edmund (D:4)
  The ghost of Eurus the Gusty, an amateur TeAE of Vehumet (D:3)
  2 ogres (D:5)
  2 centaurs
  4 big kobolds (Sewer)
  A howler monkey (D:5)
  2 hounds (D:4)
  A centaur skeleton (D:4)
  An iguana (D:5)
  3 worker ants
  Ijyb (D:3)
  A hound skeleton (D:4)
  Robin (D:4)
  5 gnolls
  3 adders
  A river rat (D:5)
  3 shadow imps
  4 oozes
  5 worms
  2 dart slugs (D:1)
  4 leopard geckos
  8 orcs
  A ball python (D:2)
  9 bats
  4 giant cockroaches
  11 hobgoblins
  2 jackals (D:3)
  A quokka (D:3)
  10 frilled lizards
  2 gnoll zombies (D:3)
  19 goblins
  A jackal skeleton (D:5)
  16 kobolds
  10 rats
144 creatures vanquished.

Vanquished Creatures (others)
  A hobgoblin (D:1)
1 creature vanquished.

Grand Total: 145 creatures vanquished

Notes
Turn   | Place    | Note
-------+----------+-------------------------------------------
     0 | D:1      | Loge the Troll Monk began the quest for the Orb.
     0 | D:1      | Reached XP level 1. HP: 22/22 MP: 0/0
   285 | D:1      | Reached XP level 2. HP: 29/29 MP: 1/1
   434 | D:1      | Reached XP level 3. HP: 36/36 MP: 2/2
   517 | D:1      | Reached skill level 4 in Unarmed Combat
  1470 | D:3      | Noticed Ijyb
  1476 | D:3      | Killed Ijyb
  1476 | D:3      | Reached XP level 4. HP: 45/45 MP: 3/3
  1573 | D:3      | Found an iron altar of Okawaru.
  1642 | D:3      | Noticed Eurus's ghost (amateur TeAE)
  1687 | D:3      | Killed Eurus's ghost
  1687 | D:3      | Reached skill level 5 in Unarmed Combat
  1687 | D:3      | Reached XP level 5. HP: 47/53 MP: 4/4
  1775 | D:3      | Found a hide-covered altar of Uskayaw.
  1775 | D:3      | Noticed a dagger
  1776 | D:3      | Noticed an enchanted hand axe
  1898 | D:3      | Noticed Grinder
  1907 | D:3      | Killed Grinder
  1907 | D:3      | Reached skill level 6 in Unarmed Combat
  1907 | D:3      | Reached XP level 6. HP: 49/62 MP: 5/5
  1929 | D:3      | Found an ornate altar of the Wu Jian Council.
  2078 | D:3      | Found a basalt altar of Yredelemnul.
  2168 | D:4      | Found a bloodstained altar of Trog.
  2209 | D:4      | Noticed Robin
  2214 | D:4      | Killed Robin
  2353 | D:4      | Reached XP level 7. HP: 63/70 MP: 6/6
  2358 | D:4      | Noticed Niraks's ghost (amateur HOFi)
  2371 | D:4      | Killed Niraks's ghost
  2371 | D:4      | Reached skill level 7 in Unarmed Combat
  2428 | D:4      | Noticed Edmund
  2445 | D:4      | Killed Edmund
  2548 | D:4      | Reached skill level 8 in Unarmed Combat
  2754 | D:5      | Entered Level 5 of the Dungeon
  2767 | D:5      | Found a glowing drain.
  2790 | Sewer    | Entered a sewer
  2847 | Sewer    | Reached skill level 5 in Fighting
  2847 | Sewer    | Reached XP level 8. HP: 79/80 MP: 7/7
  3254 | D:5      | Found a shadowy altar of Dithmenos.
  3265 | D:5      | Reached skill level 9 in Unarmed Combat
  3309 | D:5      | Found an iron altar of Okawaru.
  3668 | D:5      | Found a deep blue altar of Sif Muna.
  3974 | D:6      | Found a sacrificial altar of Ru.
  4032 | D:6      | Noticed a red ugly thing
  4043 | D:6      | Slain by a red ugly thing

Skill      XL: |  1  2  3  4  5  6  7  8 |
---------------+-------------------------+-----
Unarmed Combat | 4 5 6 8 9 |  9.6
Fighting       | 3 4 5 |  5.8
Dodging        | |  2.4
Stealth        | |  1.0

Action                   |  1- 3 |  4- 6 |  7- 9 || total
-------------------------+-------+-------+-------++-------
Melee: Unarmed           |   114 |   101 |   166 ||   381
       Punch             |     3 |     2 |     6 ||    11
  Use: Scroll            |       |     1 |     1 ||     2
 Stab: Sleeping          |     3 |       |     4 ||     7
  Eat: Chunk             |    19 |     8 |    16 ||    43
Armor: Robe              |    36 |    41 |    67 ||   144
Dodge: Dodged            |    50 |    39 |    83 ||   172
